Map: Temple gelé

Players

Worming

  • Race: Zerg Zerg
  • League: Diamond

Low - Winner!

  • Race: Zerg Zerg
  • League: Diamond

VOD

Have the link to the VOD?

Description

Time

  • Played on: Oct. 31, 2016, 2:58 p.m.
  • Length: 10:23
Show
View Real Time Build Order
Export as new Build Order

Worming Zerg 

Build Orders: Hatch First 

Get SALT Encoding   

  12  0:01  Drone  
  13  0:12  Overlord  
  13  0:18  Drone  
  14  0:31  Drone x2  
  14  0:34  Drone  
  17  0:52  Unknown, Hatchery  
  17  0:55  Drone  
  17  0:59  Extractor  
  17  1:00  Drone  
  17  1:15  Spawning Pool  
  17  1:17  Drone  
  17  1:25  Drone  
  18  1:28  Drone  
  19  1:40  Overlord  
  19  1:51  Drone  
  20  2:00  Drone  
  21  2:01  Queen  
  21  2:04  Unknown  
  21  2:05  Queen  
  21  2:06  Metabolic Boost  
  25  2:11  Zergling x2  
  25  2:12  Zergling x2  
  27  2:20  Drone  
  28  2:36  Drone x3  
  31  2:44  Overlord  
  31  3:11  Drone x9  
  40  3:26  Overlord x2  
  40  3:27  Unknown, Hatchery  
  40  3:32  Extractor, Drone x2, Evolution Chamber  
  40  3:33  Evolution Chamber  
  37  3:47  Zergling x4  
  39  3:50  Lair  
  39  3:56  Drone x4  
  39  3:57  Drone x3  
  39  4:02  Zerg Missile Weapons Level 1  
  46  4:12  Zerg Ground Armor Level 1  
  46  4:18  Roach Warren  
  46  4:19  Extractor, Queen  
  46  4:21  Drone  
  47  4:32  Spine Crawler  
  47  4:38  Unknown, Drone x3  
  49  4:40  Overlord x3  
  49  4:42  Drone  
  49  4:44  Drone  
  51  4:47  Drone  
  52  4:59  Roach  
  61  5:00  Roach x4  
  61  5:01  Glial Reconstitution  
  63  5:07  Roach x2  
  65  5:14  Roach  
  65  5:15  Roach x2  
  70  5:29  Roach x6  
  76  5:47  Roach x6  
  68  6:06  Roach x6  
  78  6:15  Queen  
  80  6:19  Queen  
  80  6:22  Roach x4  
  80  6:23  Zergling x2  
  77  6:36  Roach x4  
  75  6:46  Roach x4  
  76  7:01  Roach x5  
  84  7:09  Drone x2  
  84  7:10  Extractor, Drone  
  84  7:11  Drone  
  87  7:16  Ravager x2  
  87  7:19  Spine Crawler  
  88  7:26  Ravager  
  88  7:29  Zergling x2  
  90  7:31  Overlord x2  
  89  7:50  Ravager  
  90  7:51  Roach  
  90  7:52  Roach x4  
  100  7:59  Drone  
  100  8:00  Drone x2  
  100  8:01  Zergling x4  
  100  8:03  Overlord x2  
  105  8:16  Spine Crawler  
  104  8:21  Roach x2  
  104  8:22  Roach, Zergling x2  
  111  8:33  Drone x6  
  116  8:44  Overlord x2  
  116  8:50  Ravager x4  
  116  8:52  Zergling x4  
  116  8:53  Overlord  
  116  8:54  Overlord  
  119  9:10  Roach x8  
  119  9:11  Roach  
  111  9:27  Roach x7  
  91  9:52  Roach x11  
Show
View Real Time Build Order
Export as new Build Order

Low Zerg - Winner!

Build Orders: Hatch First 

Get SALT Encoding   

  12  0:01  Drone  
  13  0:12  Overlord  
  13  0:18  Drone  
  14  0:30  Drone  
  14  0:31  Drone  
  14  0:34  Drone  
  17  0:53  Unknown, Hatchery  
  17  0:55  Drone  
  17  0:59  Drone  
  18  1:06  Drone  
  19  1:12  Extractor  
  19  1:18  Spawning Pool  
  17  1:21  Drone  
  18  1:28  Drone  
  19  1:38  Overlord  
  19  1:50  Drone  
  20  2:00  Drone  
  21  2:04  Unknown  
  21  2:05  Queen x2  
  21  2:07  Zergling x2  
  26  2:11  Zergling x2  
  27  2:16  Drone  
  27  2:22  Drone  
  29  2:26  Drone  
  30  2:35  Drone  
  31  2:38  Evolution Chamber, Drone  
  31  2:44  Lair  
  31  2:53  Drone x2  
  31  2:54  Drone  
  31  2:55  Roach Warren  
  33  2:58  Drone  
  33  3:04  Spine Crawler  
  31  3:10  Zerg Missile Weapons Level 1  
  31  3:11  Drone  
  32  3:18  Drone  
  32  3:19  Drone x2  
  35  3:22  Overlord  
  35  3:26  Drone  
  36  3:28  Overlord  
  36  3:42  Drone x5  
  36  3:44  Extractor  
  40  3:52  Glial Reconstitution  
  40  3:55  Drone x3  
  43  4:03  Overlord x2  
  43  4:10  Roach x4  
  51  4:18  Extractor  
  51  4:19  Drone x2  
  51  4:23  Drone  
  53  4:27  Roach  
  53  4:28  Roach x3  
  61  4:33  Overlord  
  61  4:34  Overlord  
  61  4:44  Roach x2  
  69  4:52  Roach  
  69  4:53  Roach x3  
  73  5:00  Roach x3  
  79  5:08  Roach x2  
  83  5:14  Overlord  
  83  5:19  Overlord  
  83  5:28  Roach  
  83  5:39  Roach x6  
  89  5:55  Roach x2  
  89  6:05  Roach x2  
  91  6:13  Roach x2  
  93  6:23  Roach x2  
  89  6:34  Roach x2  
  89  6:36  Ravager  
  89  6:37  Ravager  
  89  6:38  Ravager  
  89  6:39  Ravager  
  89  6:41  Ravager  
  89  6:44  Roach  
  89  6:45  Roach x5  
  79  7:08  Zerg Missile Weapons Level 2  
  79  7:20  Unknown, Hatchery  
  78  7:26  Roach  
  78  7:27  Roach x9  
  98  7:36  Zergling x2  
  98  7:37  Zergling x2  
  100  7:49  Overlord x3  
  100  8:06  Overlord  
  103  8:12  Ravager x3  
  103  8:13  Ravager x2  
  103  8:14  Roach x3  
  103  8:15  Roach  
  113  8:20  Extractor  
  113  8:24  Drone x3  
  115  8:31  Unknown  
  113  8:34  Drone x4  
  113  8:35  Drone x2  
  113  8:40  Extractor x2  
  117  8:43  Queen  
  117  8:45  Roach x5  
  117  8:46  Overlord  
  117  8:47  Overlord  
  129  9:07  Roach x8  
  130  9:31  Roach x6  
  127  9:32  Roach x4  
  141  9:40  Queen  
  145  9:45  Roach  
  145  9:48  Overlord x2  
  145  9:51  Overlord x2  
Tags
 
Add a new tag
Caveats
  • Supply blocks, unpowered buildings, or Contaminate may cause inaccurate times.
  • Supply counts are checked every 10 seconds.